Kings vs Oilers

Created - Tuesday, March 03, 2015 at 23:58

Goals
1 2 3 T
Kings 0 1 0 1
Oilers 1 0 1 2
Shots
1 2 3 T
Kings 9 6 16 31
Oilers 14 4 12 30

1st period

1. Oilers , Vladimir Sobotka 11 (Patrick Sharp, Nicklas Backstrom) at 2:09 (PP)

Penalties :
Ladislav Smid (LA ) for Tripping (Minor) at 1:06, Ryan Johansen (LA ) for Tripping (Minor) at 13:33, Ladislav Smid (LA ) for Hooking (Minor) at 17:15

2nd period

2. Kings , Milan Lucic 15 (Ladislav Smid) at 18:59

Penalties :
David Schlemko (Edm) for High sticking (Minor) at 15:08

3rd period

3. Oilers , Patrick Sharp 33 (Andrej Sekera, Andrew Ladd) at 4:58 (PP)

Penalties :
Ryan Johansen (LA ) for Holding (Minor) at 4:28, Scott Hannan (Edm) for Hooking (Minor) at 13:01, Ladislav Smid (LA ) for Holding (Minor) at 18:06

Goalie Stats

Sergei Bobrovsky (LA ), 28 saves from 30 shots - (0.933), L, 43-12-3, 60:00 minutes
Roberto Luongo (Edm), 30 saves from 31 shots - (0.968), W, 34-6-6, 60:00 minutes

Players Stats for Kings

Player Name              G  A  P  +/- PIM S  H  SB GA TA FO     MP     PP MP  PK MP  
------------------------------------------------------------------------------------
Brandon McMillan         0  0  0   0  0   1  2  0  0  0  0/2    13:44   0:00   0:00 
Brenden Morrow           0  0  0   1  0   0  1  0  0  0  1/2     9:19   0:00   2:31 
Cam Fowler               0  0  0   0  0   1  1  2  1  1  0/0    25:10   2:03   4:04 
Carl Soderberg           0  0  0   0  0   2  0  0  2  0  1/2    18:24   2:07   0:58 
David Rundblad           0  0  0   0  0   0  1  0  0  0  0/0    16:14   0:00   2:11 
Duncan Keith             0  0  0   0  0   2  0  2  0  6  0/0    25:10   2:03   4:04 
Henrik Tallinder         0  0  0   1  0   3  1  2  1  2  0/0    20:47   1:55   3:20 
Ladislav Smid            0  1  1   1  6   3  3  4  1  4  0/0    18:49   1:55   1:09 
Matt Cullen              0  0  0   0  0   3  0  0  2  0  0/1    13:44   0:00   0:00 
Mika Zibanejad           0  0  0   1  0   3  0  0  4  0  0/0    17:31   1:51   1:39 
Milan Lucic              1  0  1   1  0   4  2  0  2  2  2/3    17:31   1:51   1:39 
Nathan Paetsch           0  0  0   0  0   1  0  0  0  0  0/0    14:03   0:00   0:00 
Nick Bjugstad            0  0  0   0  0   2  2  0  4  0  6/9    15:55   0:00   0:54 
Ryan Johansen            0  0  0   0  4   3  2  0  3  0  5/11   20:28   2:07   2:50 
Tomas Kopecky            0  0  0   0  0   0  0  1  0  0  1/3    16:29   2:07   0:00 
Tyler Seguin             0  0  0   0  0   1  0  1  2  0  9/23   23:04   1:51   4:17 
Vincent Trocheck         0  0  0   0  0   2  2  1  0  0  1/4     6:09   0:00   0:00 
Vladislav Namestnikov    0  0  0   0  0   0  0  0  0  0  0/0     0:00   0:00   0:00 

Players Stats for Oilers

Player Name              G  A  P  +/- PIM S  H  SB GA TA FO     MP     PP MP  PK MP  
------------------------------------------------------------------------------------
Alexander Semin          0  0  0  -1  0   2  3  0  3  0  1/2    18:33   4:19   0:00 
Andrej Sekera            0  1  1  -1  0   4  2  0  0  2  0/0    26:41   5:10   2:04 
Andrew Ladd              0  1  1   0  0   2  3  0  2  0  0/0    21:10   5:10   2:17 
Andrew MacDonald         0  0  0  -1  0   0  2  1  0  0  0/0    19:58   0:00   1:54 
Brayden McNabb           0  0  0   0  0   0  1  0  0  0  0/0    13:37   0:00   0:00 
Brayden Schenn           0  0  0   0  0   1  1  0  0  0  0/0     4:53   0:00   0:00 
Darren Helm              0  0  0   0  0   0  1  0  1  0  1/2     8:39   0:16   2:08 
David Desharnais         0  0  0   0  0   1  1  0  2  1  5/15   19:33   3:05   0:00 
David Schlemko           0  0  0   0  2   2  2  3  0  3  0/0    16:47   0:00   0:49 
Mikkel Boedker           0  0  0   0  0   3  3  0  3  0  0/0    15:32   3:05   0:00 
Nick Bonino              0  0  0   0  0   4  2  0  4  1  1/4    20:34   2:14   1:41 
Nicklas Backstrom        0  1  1  -1  0   1  3  0  0  0  14/22  21:12   4:03   0:00 
Patrick Sharp            1  1  2  -1  0   3  1  0  6  0  1/1    18:33   4:19   0:00 
Raphael Diaz             0  0  0   0  0   2  2  2  1  4  0/0    16:48   0:00   1:54 
Ryan Wilson              0  0  0   0  0   0  0  0  0  0  0/0     0:00   0:00   0:00 
Scott Hannan             0  0  0   0  2   1  0  1  0  2  0/0    16:03   0:00   1:15 
Shane Doan               0  0  0   0  0   1  4  1  1  0  0/0    19:04   3:05   0:00 
Vladimir Sobotka         1  0  1   0  0   3  1  1  0  0  11/14  18:23   2:14   1:50 

3 Stars

1 - Roberto Luongo (Edm)
2 - Milan Lucic (LA )
3 - Patrick Sharp (Edm)

Power Play

Kings - 0 on 2 Attempt(s) - 0.00%
Oilers - 2 on 5 Attempt(s) - 40.00%

Penalty Kill

Kings - 3 on 5 Attempt(s) - 60.00% - Score 0 goal in Penalty Kill
Oilers - 2 on 2 Attempt(s) - 100.00% - Score 0 goal in Penalty Kill

Team Stat

Kings - Hits : 17 - Faceoff Wins : 26 - Blocked Shots : 13 - Penalty Minutes : 10
Oilers - Hits : 32 - Faceoff Wins : 34 - Blocked Shots : 9 - Penalty Minutes : 4

Official

Referees : Unknown
Linesman : Unknown

Game Notes

No Game Note

Finance

Level 1 -- Attendance: 5075 (84.58%) -- Ticket Income $456,750
Level 2 -- Attendance: 3950 (79.00%) -- Ticket Income $229,100
Level 3 -- Attendance: 1845 (92.25%) -- Ticket Income $55,350
Level 4 -- Attendance: 3090 (77.25%) -- Ticket Income $58,710
Luxury Box -- Attendance: 791 (79.10%) -- Ticket Income $146,335
Game was played at the Rexall Place'
Total Attendance: 14751 (81.95%)
Total Ticket Income: $946,245
Other Income: $463,660
Total Income: $1,409,905

Kings

5 vs 5 Forward 
   Center                   Left Wing                Right Wing               Time % Phy DF OF 
 1 Tyler Seguin             Milan Lucic              Mika Zibanejad           35     1   2  2  
 2 Ryan Johansen            Tomas Kopecky            Carl Soderberg           30     1   2  2  
 3 Nick Bjugstad            Matt Cullen              Brandon McMillan         22     1   2  2  
 4 Vincent Trocheck         Brenden Morrow           Tyler Seguin             13     1   2  2  

5 vs 5 Defense 
   Defense                  Defense                                           Time % Phy DF OF 
 1 Duncan Keith             Cam Fowler                                        35     1   2  2  
 2 Ladislav Smid            Henrik Tallinder                                  30     1   2  2  
 3 Nathan Paetsch           David Rundblad                                    22     1   2  2  
 4 Duncan Keith             Cam Fowler                                        13     1   2  2  

PowerPlay Forward 
   Center                   Left Wing                Right Wing               Time % Phy DF OF 
 1 Tyler Seguin             Milan Lucic              Mika Zibanejad           60     1   2  2  
 2 Ryan Johansen            Tomas Kopecky            Carl Soderberg           40     1   2  2  

PowerPlay Defense
   Defense                  Defense                                           Time % Phy DF OF 
 1 Duncan Keith             Cam Fowler                                        60     1   2  2  
 2 Ladislav Smid            Henrik Tallinder                                  40     1   2  2  

Penalty Kill 4 Players Forward 
   Center                   Wing                     Time % Phy DF OF 
 1 Tyler Seguin             Ryan Johansen            60     1   2  2  
 2 Milan Lucic              Mika Zibanejad           40     1   2  2  

Penalty Kill 4 Players Defense
   Defense                  Defense                  Time % Phy DF OF 
 1 Duncan Keith             Cam Fowler               60     1   2  2  
 2 Ladislav Smid            Henrik Tallinder         40     1   2  2  

Penalty Kill - 3 Players Forward 
   Forward                                           Time % Phy DF OF 
 1 Tyler Seguin                                      60     1   2  2  
 2 Ryan Johansen                                     40     1   2  2  

Penalty Kill - 3 Players Defense
   Defense                  Defense                  Time % Phy DF OF 
 1 Duncan Keith             Cam Fowler               60     1   2  2  
 2 Ladislav Smid            Henrik Tallinder         40     1   2  2  

4 vs 4 Forward 
   Center                   Wing                     Time % Phy DF OF 
 1 Tyler Seguin             Ryan Johansen            60     1   2  2  
 2 Milan Lucic              Mika Zibanejad           40     1   2  2  

4 vs 4 Defense
   Defense                  Defense                  Time % Phy DF OF 
 1 Duncan Keith             Cam Fowler               60     1   2  2  
 2 Ladislav Smid            Henrik Tallinder         40     1   2  2  

Last Minutes Offensive
   Center                   Left Wing                Right Wing               Defense                  Defense                  
   Tyler Seguin             Milan Lucic              Mika Zibanejad           Duncan Keith             Cam Fowler               

Last Minutes Defensive
   Center                   Left Wing                Right Wing               Defense                  Defense                  
   Tyler Seguin             Milan Lucic              Mika Zibanejad           Duncan Keith             Cam Fowler               

Goaltenders
Starting : Sergei Bobrovsky         
Backup : Jonas Gustavsson         

Extra Forwards
Normal : Nick Bjugstad, Matt Cullen, Brenden Morrow - PP : Nick Bjugstad, Matt Cullen - PK : Brenden Morrow
Extra Defensemen
Normal : Nathan Paetsch, David Rundblad, Ladislav Smid - PP : Nathan Paetsch - PK : David Rundblad, Ladislav Smid
Penalty Shots
Tyler Seguin, Ryan Johansen, Milan Lucic, Mika Zibanejad, Tomas Kopecky

Oilers

5 vs 5 Forward 
   Center                   Left Wing                Right Wing               Time % Phy DF OF 
 1 Nicklas Backstrom        Patrick Sharp            Alexander Semin          35     0   1  4  
 2 David Desharnais         Nick Bonino              Shane Doan               35     0   1  4  
 3 Vladimir Sobotka         Andrew Ladd              Mikkel Boedker           30     0   1  4  
 4 Nicklas Backstrom        Darren Helm              Brayden Schenn           0      0   2  3  

5 vs 5 Defense 
   Defense                  Defense                                           Time % Phy DF OF 
 1 Andrej Sekera            Andrew MacDonald                                  40     1   4  0  
 2 Raphael Diaz             David Schlemko                                    30     1   4  0  
 3 Scott Hannan             Brayden McNabb                                    25     1   4  0  
 4 Andrej Sekera            Andrew MacDonald                                  5      1   4  0  

PowerPlay Forward 
   Center                   Left Wing                Right Wing               Time % Phy DF OF 
 1 Nicklas Backstrom        Patrick Sharp            Alexander Semin          55     0   1  4  
 2 David Desharnais         Mikkel Boedker           Shane Doan               45     0   1  4  

PowerPlay Defense
   Defense                  Defense                                           Time % Phy DF OF 
 1 Andrew Ladd              Andrej Sekera                                     60     1   2  2  
 2 Nick Bonino              Vladimir Sobotka                                  40     1   2  2  

Penalty Kill 4 Players Forward 
   Center                   Wing                     Time % Phy DF OF 
 1 Vladimir Sobotka         Andrew Ladd              55     0   4  1  
 2 Nick Bonino              Darren Helm              45     0   4  1  

Penalty Kill 4 Players Defense
   Defense                  Defense                  Time % Phy DF OF 
 1 Raphael Diaz             Andrew MacDonald         50     1   4  0  
 2 David Schlemko           Andrej Sekera            50     1   4  0  

Penalty Kill - 3 Players Forward 
   Forward                                           Time % Phy DF OF 
 1 Vladimir Sobotka                                  55     0   5  0  
 2 Darren Helm                                       45     0   5  0  

Penalty Kill - 3 Players Defense
   Defense                  Defense                  Time % Phy DF OF 
 1 Andrej Sekera            Andrew MacDonald         50     1   4  0  
 2 Raphael Diaz             David Schlemko           50     1   4  0  

4 vs 4 Forward 
   Center                   Wing                     Time % Phy DF OF 
 1 Nicklas Backstrom        Patrick Sharp            60     0   1  4  
 2 David Desharnais         Alexander Semin          40     0   1  4  

4 vs 4 Defense
   Defense                  Defense                  Time % Phy DF OF 
 1 Andrej Sekera            Andrew MacDonald         50     1   4  0  
 2 Raphael Diaz             David Schlemko           50     1   4  0  

Last Minutes Offensive
   Center                   Left Wing                Right Wing               Defense                  Defense                  
   David Desharnais         Patrick Sharp            Alexander Semin          Nicklas Backstrom        Andrej Sekera            

Last Minutes Defensive
   Center                   Left Wing                Right Wing               Defense                  Defense                  
   Vladimir Sobotka         Andrew Ladd              Darren Helm              Andrej Sekera            Andrew MacDonald         

Goaltenders
Starting : Roberto Luongo           
Backup : Jean-Sebastien Giguere   

Extra Forwards
Normal : Mikkel Boedker, Darren Helm, Alexander Semin - PP : Nicklas Backstrom, Alexander Semin - PK : Darren Helm
Extra Defensemen
Normal : Scott Hannan, Andrej Sekera, Andrew MacDonald - PP : Andrej Sekera - PK : Scott Hannan, David Schlemko
Penalty Shots
David Desharnais, Nick Bonino, Andrew Ladd, Nicklas Backstrom, Shane Doan

% Time on Ice - Kings

Lines # - Real PCT - Wanted PCT - Time Play
Normal Forward
1 - 31% - 35% - 14:51
2 - 30% - 30% - 14:22
3 - 28% - 22% - 13:44
4 - 12% - 13% - 5:41
Normal Defense
1 - 31% - 35% - 15:14
2 - 32% - 30% - 15:32
3 - 29% - 22% - 14:03
4 - 8% - 13% - 3:49
PP Forward
1 - 47% - 60% - 1:51
2 - 53% - 40% - 2:07
PP Defense
1 - 52% - 60% - 2:03
2 - 48% - 40% - 1:55
PK Forward
1 - 78% - 60% - 5:45
2 - 22% - 40% - 1:39
PK Defense
1 - 55% - 60% - 4:04
2 - 45% - 40% - 3:20
PK3 Forward
1 - 0% - 60%
2 - 0% - 40%
PK3 Defense
1 - 0% - 60%
2 - 0% - 40%
44 Forward
1 - 0% - 60%
2 - 0% - 40%
44 Defense
1 - 0% - 60%
2 - 0% - 40%
Last Minute Offensive  - 0:00
Last Minute Defensive  - 0:00
Total
Forward - 60:00
Defense - 60:00

% Time on Ice - Oilers

Lines # - Real PCT - Wanted PCT - Time Play
Normal Forward
1 - 31% - 35% - 15:19
2 - 33% - 35% - 15:59
3 - 26% - 30% - 12:27
4 - 10% - 0% - 4:53
Normal Defense
1 - 38% - 40% - 18:15
2 - 34% - 30% - 16:46
3 - 28% - 25% - 13:37
4 - 0% - 5% - 0:00
PP Forward
1 - 58% - 55% - 4:19
2 - 42% - 45% - 3:05
PP Defense
1 - 70% - 60% - 5:10
2 - 30% - 40% - 2:14
PK Forward
1 - 58% - 55% - 2:17
2 - 42% - 45% - 1:41
PK Defense
1 - 48% - 50% - 1:54
2 - 52% - 50% - 2:04
PK3 Forward
1 - 0% - 55%
2 - 0% - 45%
PK3 Defense
1 - 0% - 50%
2 - 0% - 50%
44 Forward
1 - 0% - 60%
2 - 0% - 40%
44 Defense
1 - 0% - 50%
2 - 0% - 50%
Last Minute Offensive  - 0:00
Last Minute Defensive  - 0:00
Total
Forward - 60:00
Defense - 60:00

Play by Play

1st period


0:01 of 1st period - Tyler Seguin wins face-off versus Nicklas Backstrom in neutral zone.
0:55 of 1st period - Wrist shot by David Desharnais.
0:55 of 1st period - Shot Blocked by Duncan Keith.
0:57 of 1st period - Slapshot by Nick Bonino.
0:57 of 1st period - Stopped by Sergei Bobrovsky with a rebound.
0:59 of 1st period - Slapshot by Shane Doan.
0:59 of 1st period - Stopped by Sergei Bobrovsky with a rebound.
1:01 of 1st period - Wrist shot by Shane Doan.
1:01 of 1st period - Deflect By David Desharnais.
1:01 of 1st period - Shot Misses the Net.
1:01 of 1st period - Puck is out of play.
1:02 of 1st period - Vladimir Sobotka wins face-off versus Tomas Kopecky in Kings zone.
1:06 of 1st period - Minor Penalty to Ladislav Smid for Tripping.
1:07 of 1st period - Tyler Seguin wins face-off versus David Desharnais in Kings zone.
1:38 of 1st period - Off-side.
1:39 of 1st period - Nicklas Backstrom wins face-off versus Tyler Seguin in neutral zone.
1:44 of 1st period - Wrist shot by Patrick Sharp.
1:44 of 1st period - Stopped by Sergei Bobrovsky without a rebound.
1:45 of 1st period - Milan Lucic wins face-off versus Nicklas Backstrom in Kings zone.
2:07 of 1st period - Slapshot by Vladimir Sobotka.
2:07 of 1st period - Stopped by Sergei Bobrovsky with a rebound.
2:09 of 1st period - Slapshot by Vladimir Sobotka.
2:09 of 1st period - Goal by Vladimir Sobotka - Kings : 0 - Oilers : 1.
2:10 of 1st period - Ryan Johansen wins face-off versus Vladimir Sobotka in neutral zone.
3:13 of 1st period - Raphael Diaz is hit by Brandon McMillan and loses puck.
3:25 of 1st period - Andrej Sekera is hit by Nick Bjugstad and loses puck.
3:40 of 1st period - Patrick Sharp is hit by Vincent Trocheck.
3:52 of 1st period - Snap shot by Vincent Trocheck.
3:52 of 1st period - Shot Misses the Net.
3:54 of 1st period - Snap shot by Nathan Paetsch.
3:54 of 1st period - Shot Blocked by Raphael Diaz.
3:56 of 1st period - Snap shot by Vincent Trocheck.
3:56 of 1st period - Shot Misses the Net.
4:00 of 1st period - Slapshot by Tyler Seguin.
4:00 of 1st period - Shot Misses the Net.
4:02 of 1st period - Snap shot by Vincent Trocheck.
4:02 of 1st period - Stopped by Roberto Luongo without a rebound.
4:03 of 1st period - Vladimir Sobotka wins face-off versus Tyler Seguin in Oilers zone.
4:47 of 1st period - Off-side.
4:48 of 1st period - Nicklas Backstrom wins face-off versus Ryan Johansen in neutral zone.
5:01 of 1st period - Tomas Kopecky is hit by Nicklas Backstrom and loses puck.
6:30 of 1st period - Slapshot by Mikkel Boedker.
6:30 of 1st period - Stopped by Sergei Bobrovsky with a rebound.
6:32 of 1st period - Backhand shot by Andrej Sekera.
6:32 of 1st period - Stopped by Sergei Bobrovsky with a rebound.
6:34 of 1st period - Slapshot by Andrew MacDonald.
6:34 of 1st period - Shot Misses the Net.
6:54 of 1st period - Backhand shot by Nicklas Backstrom.
6:54 of 1st period - Stopped by Sergei Bobrovsky with a rebound.
6:56 of 1st period - Snap shot by Scott Hannan.
6:56 of 1st period - Stopped by Sergei Bobrovsky with a rebound.
6:58 of 1st period - Slapshot by Scott Hannan.
6:58 of 1st period - Shot Misses the Net.
7:27 of 1st period - David Schlemko is hit by Cam Fowler and loses puck.
7:44 of 1st period - Tomas Kopecky is hit by David Schlemko and loses puck.
8:07 of 1st period - Wrist shot by Matt Cullen.
8:07 of 1st period - Stopped by Roberto Luongo with a rebound.
8:09 of 1st period - Slapshot by Ladislav Smid.
8:09 of 1st period - Stopped by Roberto Luongo with a rebound.
8:11 of 1st period - Slapshot by Henrik Tallinder.
8:11 of 1st period - Deflect By Vladimir Sobotka.
8:11 of 1st period - Stopped by Roberto Luongo without a rebound.
8:12 of 1st period - Nicklas Backstrom wins face-off versus Vincent Trocheck in Oilers zone.
8:27 of 1st period - Henrik Tallinder is hit by Alexander Semin and loses puck.
9:22 of 1st period - David Rundblad is hit by Brayden Schenn.
9:36 of 1st period - Snap shot by Nick Bjugstad.
9:36 of 1st period - Stopped by Roberto Luongo without a rebound.
9:37 of 1st period - Ryan Johansen wins face-off versus David Desharnais in Oilers zone.
9:53 of 1st period - Icing by Nick Bonino.
9:54 of 1st period - David Desharnais wins face-off versus Tomas Kopecky in Oilers zone.
10:15 of 1st period - Snap shot by Ryan Johansen.
10:15 of 1st period - Shot Blocked by Shane Doan.
10:17 of 1st period - Snap shot by Tomas Kopecky.
10:17 of 1st period - Shot Blocked by David Schlemko.
10:19 of 1st period - Snap shot by Cam Fowler.
10:19 of 1st period - Stopped by Roberto Luongo without a rebound.
10:20 of 1st period - Nick Bjugstad wins face-off versus Vladimir Sobotka in Oilers zone.
10:23 of 1st period - Snap shot by Nick Bjugstad.
10:23 of 1st period - Stopped by Roberto Luongo without a rebound.
10:24 of 1st period - Vladimir Sobotka wins face-off versus Nick Bjugstad in Oilers zone.
10:31 of 1st period - Snap shot by Vladimir Sobotka.
10:31 of 1st period - Stopped by Sergei Bobrovsky with a rebound.
11:00 of 1st period - Snap shot by Nick Bjugstad.
11:00 of 1st period - Shot Misses the Net.
11:02 of 1st period - Slapshot by Brandon McMillan.
11:02 of 1st period - Shot Misses the Net.
11:12 of 1st period - Ryan Johansen is hit by Andrew MacDonald and loses puck.
12:16 of 1st period - Snap shot by Milan Lucic.
12:16 of 1st period - Stopped by Roberto Luongo without a rebound.
12:17 of 1st period - Nick Bjugstad wins face-off versus David Desharnais in Oilers zone.
12:22 of 1st period - Wrist shot by Matt Cullen.
12:22 of 1st period - Stopped by Roberto Luongo with a rebound.
12:24 of 1st period - Slapshot by Ladislav Smid.
12:24 of 1st period - Deflect By Nick Bjugstad.
12:24 of 1st period - Shot Misses the Net.
12:24 of 1st period - Puck is out of play.
12:25 of 1st period - Nick Bjugstad wins face-off versus Nicklas Backstrom in Oilers zone.
12:44 of 1st period - Wrist shot by Brayden Schenn.
12:44 of 1st period - Stopped by Sergei Bobrovsky with a rebound.
12:46 of 1st period - Slapshot by Raphael Diaz.
12:46 of 1st period - Stopped by Sergei Bobrovsky without a rebound.
12:47 of 1st period - Tyler Seguin wins face-off versus David Desharnais in Kings zone.
12:58 of 1st period - Andrej Sekera is hit by Milan Lucic and loses puck.
13:15 of 1st period - Snap shot by Nick Bonino.
13:15 of 1st period - Stopped by Sergei Bobrovsky with a rebound.
13:33 of 1st period - Minor Penalty to Ryan Johansen for Tripping.
13:34 of 1st period - Nicklas Backstrom wins face-off versus Tyler Seguin in Kings zone.
13:35 of 1st period - Wrist shot by Patrick Sharp.
13:35 of 1st period - Shot Blocked by Ladislav Smid.
13:37 of 1st period - Snap shot by Andrew Ladd.
13:37 of 1st period - Stopped by Sergei Bobrovsky with a rebound.
15:07 of 1st period - Duncan Keith is hit by Shane Doan and loses puck.
15:33 of 1st period - Penalty to Ryan Johansen is over, Ryan Johansen is back on ice.
15:56 of 1st period - Cam Fowler is hit by Brayden McNabb and loses puck.
16:25 of 1st period - Slapshot by Mikkel Boedker.
16:25 of 1st period - Shot Misses the Net.
17:03 of 1st period - Snap shot by Shane Doan.
17:03 of 1st period - Shot Blocked by Ladislav Smid.
17:15 of 1st period - Minor Penalty to Ladislav Smid for Hooking.
17:16 of 1st period - Patrick Sharp wins face-off versus Milan Lucic in Kings zone.
17:19 of 1st period - Slapshot by Nicklas Backstrom.
17:19 of 1st period - Deflect By Alexander Semin.
17:19 of 1st period - Shot Blocked by Cam Fowler.
17:19 of 1st period - Puck is out of play.
17:20 of 1st period - Milan Lucic wins face-off versus Nicklas Backstrom in Kings zone.
18:54 of 1st period - Mika Zibanejad is hit by Mikkel Boedker and loses puck.
19:07 of 1st period - Wrist shot by Alexander Semin.
19:07 of 1st period - Deflect By Henrik Tallinder.
19:07 of 1st period - Shot Misses the Net.
19:07 of 1st period - Puck is out of play.
19:08 of 1st period - Darren Helm wins face-off versus Brenden Morrow in Kings zone.
19:15 of 1st period - Penalty to Ladislav Smid is over, Ladislav Smid is back on ice.
19:54 of 1st period - Off-side.
19:55 of 1st period - Nick Bjugstad wins face-off versus Darren Helm in neutral zone.
Goals for this period are 0 for Kings vs 1 for Oilers.
Shots for this period are 9 for Kings vs 14 for Oilers.

2nd period


0:01 of 2nd period - Tyler Seguin wins face-off versus Nicklas Backstrom in neutral zone.
0:10 of 2nd period - Snap shot by Mika Zibanejad.
0:10 of 2nd period - Deflect By Andrej Sekera.
0:10 of 2nd period - Shot Misses the Net.
0:10 of 2nd period - Puck is out of play.
0:11 of 2nd period - Nicklas Backstrom wins face-off versus Tyler Seguin in Oilers zone.
0:22 of 2nd period - Slapshot by Nicklas Backstrom.
0:22 of 2nd period - Shot Blocked by Cam Fowler.
0:38 of 2nd period - Snap shot by Nicklas Backstrom.
0:38 of 2nd period - Deflect By Alexander Semin.
0:38 of 2nd period - Shot Misses the Net.
0:38 of 2nd period - Puck is out of play.
0:39 of 2nd period - Ryan Johansen wins face-off versus David Desharnais in Kings zone.
0:46 of 2nd period - Snap shot by Carl Soderberg.
0:46 of 2nd period - Stopped by Roberto Luongo without a rebound.
0:47 of 2nd period - David Desharnais wins face-off versus Ryan Johansen in Oilers zone.
0:58 of 2nd period - Tomas Kopecky is hit by Shane Doan and loses puck.
1:07 of 2nd period - Ladislav Smid is hit by David Schlemko.
1:11 of 2nd period - Ryan Johansen is hit by Raphael Diaz.
1:51 of 2nd period - Cam Fowler is hit by Nicklas Backstrom and loses puck.
2:32 of 2nd period - Brandon McMillan is hit by Mikkel Boedker and loses puck.
2:39 of 2nd period - Slapshot by Mikkel Boedker.
2:39 of 2nd period - Shot Misses the Net.
2:41 of 2nd period - Slapshot by Andrej Sekera.
2:41 of 2nd period - Stopped by Sergei Bobrovsky with a rebound.
2:43 of 2nd period - Wrist shot by Vladimir Sobotka.
2:43 of 2nd period - Shot Misses the Net.
3:10 of 2nd period - Vincent Trocheck is hit by Nick Bonino and loses puck.
3:47 of 2nd period - Brayden Schenn is hit by Ryan Johansen and loses puck.
3:54 of 2nd period - Slapshot by Andrej Sekera.
3:54 of 2nd period - Stopped by Sergei Bobrovsky with a rebound.
4:14 of 2nd period - Andrew Ladd is hit by David Rundblad and loses puck.
7:17 of 2nd period - Snap shot by Mikkel Boedker.
7:17 of 2nd period - Shot Blocked by Ladislav Smid.
8:02 of 2nd period - Ladislav Smid is hit by Alexander Semin and loses puck.
8:15 of 2nd period - Wrist shot by Alexander Semin.
8:15 of 2nd period - Shot Misses the Net.
8:27 of 2nd period - Henrik Tallinder is hit by Andrew Ladd and loses puck.
8:48 of 2nd period - Andrew MacDonald is hit by Ladislav Smid and loses puck.
8:59 of 2nd period - Tomas Kopecky is hit by Nick Bonino and loses puck.
9:20 of 2nd period - Snap shot by Darren Helm.
9:20 of 2nd period - Shot Misses the Net.
10:23 of 2nd period - Wrist shot by Nick Bonino.
10:23 of 2nd period - Shot Misses the Net.
11:55 of 2nd period - Nick Bonino is hit by Ryan Johansen and loses puck.
12:10 of 2nd period - Raphael Diaz is hit by Milan Lucic and loses puck.
12:49 of 2nd period - Cam Fowler is hit by Nicklas Backstrom and loses puck.
13:40 of 2nd period - Snap shot by Duncan Keith.
13:40 of 2nd period - Stopped by Roberto Luongo without a rebound.
13:41 of 2nd period - Alexander Semin wins face-off versus Tyler Seguin in Oilers zone.
13:43 of 2nd period - Icing by Patrick Sharp.
13:44 of 2nd period - David Desharnais wins face-off versus Tyler Seguin in Oilers zone.
14:01 of 2nd period - Wrist shot by Tyler Seguin.
14:01 of 2nd period - Shot Blocked by Scott Hannan.
14:03 of 2nd period - Slapshot by Vincent Trocheck.
14:03 of 2nd period - Stopped by Roberto Luongo without a rebound.
14:04 of 2nd period - Nicklas Backstrom wins face-off versus Vincent Trocheck in Oilers zone.
14:17 of 2nd period - Andrew Ladd is hit by Brenden Morrow.
14:38 of 2nd period - Henrik Tallinder is hit by Andrew Ladd and loses puck.
15:08 of 2nd period - Minor Penalty to David Schlemko for High sticking.
15:09 of 2nd period - Vladimir Sobotka wins face-off versus Ryan Johansen in Oilers zone.
15:51 of 2nd period - Ladislav Smid is hit by Darren Helm and loses puck.
15:56 of 2nd period - Slapshot by Nick Bonino.
15:56 of 2nd period - Stopped by Sergei Bobrovsky without a rebound.
15:57 of 2nd period - Carl Soderberg wins face-off versus Nick Bonino in Kings zone.
16:02 of 2nd period - Slapshot by Nick Bonino.
16:02 of 2nd period - Stopped by Sergei Bobrovsky with a rebound.
16:12 of 2nd period - Wrist shot by Carl Soderberg.
16:12 of 2nd period - Shot Misses the Net.
17:08 of 2nd period - Penalty to David Schlemko is over, David Schlemko is back on ice.
17:21 of 2nd period - Alexander Semin is hit by Nick Bjugstad.
17:29 of 2nd period - Patrick Sharp is hit by Brandon McMillan and loses puck.
17:44 of 2nd period - Wrist shot by Matt Cullen.
17:44 of 2nd period - Shot Blocked by David Schlemko.
17:46 of 2nd period - Snap shot by Brandon McMillan.
17:46 of 2nd period - Stopped by Roberto Luongo without a rebound.
17:47 of 2nd period - Nick Bjugstad wins face-off versus David Desharnais in Oilers zone.
17:52 of 2nd period - Snap shot by Matt Cullen.
17:52 of 2nd period - Shot Misses the Net.
17:54 of 2nd period - Slapshot by Nathan Paetsch.
17:54 of 2nd period - Deflect By Nick Bonino.
17:54 of 2nd period - Stopped by Roberto Luongo with a rebound.
18:38 of 2nd period - Icing by Andrew MacDonald.
18:39 of 2nd period - Brenden Morrow wins face-off versus Nicklas Backstrom in Oilers zone.
18:59 of 2nd period - Snap shot by Milan Lucic.
18:59 of 2nd period - Goal by Milan Lucic - Kings : 1 - Oilers : 1.
19:00 of 2nd period - David Desharnais wins face-off versus Matt Cullen in neutral zone.
19:48 of 2nd period - Wrist shot by Alexander Semin.
19:48 of 2nd period - Shot Misses the Net.
19:54 of 2nd period - Cam Fowler is hit by Alexander Semin and loses puck.
Goals for this period are 1 for Kings vs 0 for Oilers.
Shots for this period are 6 for Kings vs 4 for Oilers.

3rd period


0:01 of 3rd period - Nicklas Backstrom wins face-off versus Tyler Seguin in neutral zone.
0:14 of 3rd period - Snap shot by Nicklas Backstrom.
0:14 of 3rd period - Shot Misses the Net.
0:16 of 3rd period - Slapshot by Andrew MacDonald.
0:16 of 3rd period - Deflect By Alexander Semin.
0:16 of 3rd period - Shot Misses the Net.
0:16 of 3rd period - Puck is out of play.
0:17 of 3rd period - Nicklas Backstrom wins face-off versus Tyler Seguin in Kings zone.
1:50 of 3rd period - Cam Fowler is hit by Raphael Diaz and loses puck.
1:57 of 3rd period - Snap shot by Nick Bonino.
1:57 of 3rd period - Shot Misses the Net.
1:59 of 3rd period - Snap shot by Raphael Diaz.
1:59 of 3rd period - Stopped by Sergei Bobrovsky without a rebound.
2:00 of 3rd period - Nick Bjugstad wins face-off versus David Desharnais in Kings zone.
2:09 of 3rd period - Slapshot by Nick Bjugstad.
2:09 of 3rd period - Deflect By Matt Cullen.
2:09 of 3rd period - Shot Misses the Net.
2:09 of 3rd period - Puck is out of play.
2:10 of 3rd period - David Desharnais wins face-off versus Nick Bjugstad in Oilers zone.
2:31 of 3rd period - Snap shot by Shane Doan.
2:31 of 3rd period - Deflect By David Desharnais.
2:31 of 3rd period - Shot Misses the Net.
2:31 of 3rd period - Puck is out of play.
2:32 of 3rd period - Nicklas Backstrom wins face-off versus Tyler Seguin in Kings zone.
3:01 of 3rd period - Slapshot by Milan Lucic.
3:01 of 3rd period - Shot Misses the Net.
3:34 of 3rd period - Henrik Tallinder is hit by Andrej Sekera.
3:49 of 3rd period - Wrist shot by Vladimir Sobotka.
3:49 of 3rd period - Shot Blocked by Henrik Tallinder.
3:51 of 3rd period - Slapshot by Raphael Diaz.
3:51 of 3rd period - Shot Blocked by Ladislav Smid.
4:01 of 3rd period - David Schlemko is hit by Ladislav Smid and loses puck.
4:09 of 3rd period - Slapshot by David Schlemko.
4:09 of 3rd period - Shot Misses the Net.
4:21 of 3rd period - Wrist shot by Shane Doan.
4:21 of 3rd period - Shot Blocked by Henrik Tallinder.
4:23 of 3rd period - Slapshot by David Schlemko.
4:23 of 3rd period - Deflect By Henrik Tallinder.
4:23 of 3rd period - Stopped by Sergei Bobrovsky with a rebound.
4:25 of 3rd period - Slapshot by David Schlemko.
4:25 of 3rd period - Stopped by Sergei Bobrovsky without a rebound.
4:26 of 3rd period - Ryan Johansen wins face-off versus Alexander Semin in Kings zone.
4:28 of 3rd period - Minor Penalty to Ryan Johansen for Holding.
4:29 of 3rd period - Nicklas Backstrom wins face-off versus Tyler Seguin in Kings zone.
4:33 of 3rd period - Backhand shot by Patrick Sharp.
4:33 of 3rd period - Stopped by Sergei Bobrovsky without a rebound.
4:34 of 3rd period - Tyler Seguin wins face-off versus Nicklas Backstrom in Kings zone.
4:50 of 3rd period - Slapshot by Andrej Sekera.
4:50 of 3rd period - Stopped by Sergei Bobrovsky with a rebound.
4:52 of 3rd period - Wrist shot by Alexander Semin.
4:52 of 3rd period - Stopped by Sergei Bobrovsky with a rebound.
4:54 of 3rd period - Slapshot by Andrew Ladd.
4:54 of 3rd period - Shot Blocked by Tyler Seguin.
4:56 of 3rd period - Slapshot by Andrej Sekera.
4:56 of 3rd period - Shot Misses the Net.
4:58 of 3rd period - Slapshot by Patrick Sharp.
4:58 of 3rd period - Goal by Patrick Sharp - Kings : 1 - Oilers : 2.
4:59 of 3rd period - Ryan Johansen wins face-off versus David Desharnais in neutral zone.
5:12 of 3rd period - Ryan Johansen is hit by Shane Doan and loses puck.
6:05 of 3rd period - Snap shot by Tyler Seguin.
6:05 of 3rd period - Stopped by Roberto Luongo without a rebound.
6:06 of 3rd period - Tyler Seguin wins face-off versus Vladimir Sobotka in Oilers zone.
6:14 of 3rd period - Slapshot by Ladislav Smid.
6:14 of 3rd period - Deflect By Andrew Ladd.
6:14 of 3rd period - Stopped by Roberto Luongo without a rebound.
6:15 of 3rd period - Vladimir Sobotka wins face-off versus Brandon McMillan in Oilers zone.
6:30 of 3rd period - Slapshot by Mikkel Boedker.
6:30 of 3rd period - Stopped by Sergei Bobrovsky without a rebound.
6:31 of 3rd period - Nicklas Backstrom wins face-off versus Brandon McMillan in Kings zone.
7:12 of 3rd period - Snap shot by Tyler Seguin.
7:12 of 3rd period - Shot Misses the Net.
7:14 of 3rd period - Snap shot by Henrik Tallinder.
7:14 of 3rd period - Stopped by Roberto Luongo with a rebound.
7:16 of 3rd period - Snap shot by Ladislav Smid.
7:16 of 3rd period - Shot Blocked by David Schlemko.
7:18 of 3rd period - Backhand shot by Henrik Tallinder.
7:18 of 3rd period - Stopped by Roberto Luongo with a rebound.
7:20 of 3rd period - Slapshot by Duncan Keith.
7:20 of 3rd period - Stopped by Roberto Luongo with a rebound.
7:22 of 3rd period - Wrist shot by Mika Zibanejad.
7:22 of 3rd period - Stopped by Roberto Luongo without a rebound.
7:23 of 3rd period - Vladimir Sobotka wins face-off versus Tyler Seguin in Oilers zone.
7:28 of 3rd period - Snap shot by Mika Zibanejad.
7:28 of 3rd period - Stopped by Roberto Luongo with a rebound.
7:30 of 3rd period - Wrist shot by Milan Lucic.
7:30 of 3rd period - Stopped by Roberto Luongo with a rebound.
7:32 of 3rd period - Slapshot by Cam Fowler.
7:32 of 3rd period - Deflect By Milan Lucic.
7:32 of 3rd period - Stopped by Roberto Luongo without a rebound.
7:33 of 3rd period - Vladimir Sobotka wins face-off versus Ryan Johansen in Oilers zone.
8:19 of 3rd period - Off-side.
8:20 of 3rd period - Tyler Seguin wins face-off versus David Desharnais in neutral zone.
8:34 of 3rd period - Ladislav Smid is hit by Shane Doan.
9:11 of 3rd period - Nick Bonino is hit by Ladislav Smid and loses puck.
9:37 of 3rd period - Wrist shot by Matt Cullen.
9:37 of 3rd period - Stopped by Roberto Luongo without a rebound.
9:38 of 3rd period - Tomas Kopecky wins face-off versus Nicklas Backstrom in Oilers zone.
10:01 of 3rd period - Snap shot by Ryan Johansen.
10:01 of 3rd period - Stopped by Roberto Luongo with a rebound.
10:13 of 3rd period - Snap shot by Ryan Johansen.
10:13 of 3rd period - Stopped by Roberto Luongo without a rebound.
10:14 of 3rd period - Vladimir Sobotka wins face-off versus Tyler Seguin in Oilers zone.
10:45 of 3rd period - Snap shot by Mikkel Boedker.
10:45 of 3rd period - Stopped by Sergei Bobrovsky without a rebound.
10:46 of 3rd period - Nicklas Backstrom wins face-off versus Nick Bjugstad in Kings zone.
11:07 of 3rd period - Snap shot by Nick Bjugstad.
11:07 of 3rd period - Shot Blocked by Andrew MacDonald.
11:40 of 3rd period - Slapshot by Ladislav Smid.
11:40 of 3rd period - Stopped by Roberto Luongo without a rebound.
11:41 of 3rd period - Vladimir Sobotka wins face-off versus Ryan Johansen in Oilers zone.
11:54 of 3rd period - Snap shot by Andrew Ladd.
11:54 of 3rd period - Shot Blocked by Tomas Kopecky.
12:07 of 3rd period - Ryan Johansen is hit by Vladimir Sobotka and loses puck.
12:16 of 3rd period - Slapshot by Carl Soderberg.
12:16 of 3rd period - Stopped by Roberto Luongo without a rebound.
12:17 of 3rd period - Tyler Seguin wins face-off versus David Desharnais in Oilers zone.
12:55 of 3rd period - Snap shot by Mika Zibanejad.
12:55 of 3rd period - Stopped by Roberto Luongo with a rebound.
13:01 of 3rd period - Minor Penalty to Scott Hannan for Hooking.
13:02 of 3rd period - Vladimir Sobotka wins face-off versus Carl Soderberg in Oilers zone.
13:13 of 3rd period - Wrist shot by Ryan Johansen.
13:13 of 3rd period - Stopped by Roberto Luongo with a rebound.
13:15 of 3rd period - Slapshot by Duncan Keith.
13:15 of 3rd period - Shot Blocked by Raphael Diaz.
13:17 of 3rd period - Snap shot by Carl Soderberg.
13:17 of 3rd period - Deflect By Ryan Johansen.
13:17 of 3rd period - Shot Blocked by Vladimir Sobotka.
13:17 of 3rd period - Puck is out of play.
13:18 of 3rd period - Vladimir Sobotka wins face-off versus Ryan Johansen in Oilers zone.
13:29 of 3rd period - Snap shot by Andrew Ladd.
13:29 of 3rd period - Stopped by Sergei Bobrovsky with a rebound.
14:11 of 3rd period - Off-side.
14:12 of 3rd period - Tyler Seguin wins face-off versus Nick Bonino in neutral zone.
14:14 of 3rd period - Off-side.
14:15 of 3rd period - Nick Bonino wins face-off versus Tyler Seguin in neutral zone.
14:22 of 3rd period - David Schlemko is hit by Henrik Tallinder and loses puck.
15:01 of 3rd period - Penalty to Scott Hannan is over, Scott Hannan is back on ice.
15:58 of 3rd period - Wrist shot by Matt Cullen.
15:58 of 3rd period - Deflect By Nick Bjugstad.
15:58 of 3rd period - Shot Misses the Net.
15:58 of 3rd period - Puck is out of play.
15:59 of 3rd period - Nicklas Backstrom wins face-off versus Vincent Trocheck in Oilers zone.
15:59 of 3rd period - Nicklas Backstrom is hit by Vincent Trocheck.
16:05 of 3rd period - Wrist shot by Patrick Sharp.
16:05 of 3rd period - Shot Blocked by Duncan Keith.
16:21 of 3rd period - Snap shot by Nicklas Backstrom.
16:21 of 3rd period - Shot Blocked by Vincent Trocheck.
16:30 of 3rd period - Icing by Duncan Keith.
16:31 of 3rd period - Vincent Trocheck wins face-off versus Nick Bonino in Kings zone.
16:31 of 3rd period - Vincent Trocheck is hit by Andrew MacDonald.
16:59 of 3rd period - Ryan Johansen is hit by David Desharnais and loses puck.
17:04 of 3rd period - Snap shot by David Desharnais.
17:04 of 3rd period - Stopped by Sergei Bobrovsky with a rebound.
18:06 of 3rd period - Minor Penalty to Ladislav Smid for Holding.
18:07 of 3rd period - Nicklas Backstrom wins face-off versus Tyler Seguin in Kings zone.
18:11 of 3rd period - Snap shot by Alexander Semin.
18:11 of 3rd period - Stopped by Sergei Bobrovsky with a rebound.
18:13 of 3rd period - Wrist shot by Alexander Semin.
18:13 of 3rd period - Shot Misses the Net.
18:33 of 3rd period - Cam Fowler is hit by Patrick Sharp and loses puck.
18:58 of 3rd period - Cam Fowler is hit by Mikkel Boedker.
19:26 of 3rd period - Mika Zibanejad is hit by Andrej Sekera and loses puck.
19:39 of 3rd period - Henrik Tallinder is hit by Andrew Ladd.
Goals for this period are 0 for Kings vs 1 for Oilers.
Shots for this period are 16 for Kings vs 12 for Oilers.


Output by the SimonT Hockey Simulator (STHS) for Eric Dolegowski -- Original Page W3C XHTML 1.0 Valid
Hockey Simulator - Hockey Simulation - Hockey Manager